 Dungeon Crawl Stone Soup version 0.24-a0-507-g3e8b2426 (webtiles) character file.

Game seed: 3736325590135696077

19 DinnerBoy7 the Poker (level 2, 0/21 HPs)
             Began as an Octopode Monk on July 18, 2019.
             Slain by a jackal (1 damage)
             ... on level 2 of the Dungeon.
             The game lasted 00:02:07 (1092 turns).

DinnerBoy7 the Poker (Octopode Monk)                Turns: 1092, Time: 00:02:07

Health: 0/21       AC:  1    Str: 10    XL:     2   Next: 75%
Magic:  2/2        EV: 14    Int: 12    God:
Gold:   80         SH:  0    Dex: 14    Spells: 1/1 levels left

rFire    . . .     SeeInvis .   a - +0 spear
rCold    . . .     Gourm    .   (no shield)
rNeg     . . .     Faith    .   (helmet restricted)
rPois    .         Spirit   .   (no amulet)
rElec    .         Reflect  .   c - ring of flight
rCorr    .         Harm     .   (no ring)
MR       .....                  (no ring)
Stlth    +++.......             (no ring)
HPRegen  0.07/turn              (no ring)
MPRegen  0.08/turn              (no ring)
                                (no ring)
                                (no ring)

@: no status effects
A: almost no armour, stealthy swim, amphibious, 8 rings, constrict 8, camouflage
1, gelatinous body 1
a: Evoke Flight


You were on level 2 of the Dungeon.
You were not hungry.

You visited 1 branch of the dungeon, and saw 2 of its levels.

You collected 80 gold pieces.

Inventory:

Hand Weapons
 a - a +0 spear (weapon)
Jewellery
 c - a ring of flight (left tentacle)
Scrolls
 d - a scroll of fear {unknown}
 e - a scroll of enchant weapon {unknown}
 g - a scroll of amnesia {unknown}
 h - a scroll of immolation {unknown}
Potions
 f - a potion of heal wounds {unknown}
Comestibles
 b - 5 rations


   Skills:
 + Level 3.2 Fighting
 + Level 3.3 Polearms
 + Level 3.3 Dodging
 + Level 3.0 Stealth


You had one spell level left.
You didn't know any spells.
Your spell library was empty.

Dungeon Overview and Level Annotations

Branches:
Dungeon (2/15)

Altars:


Innate Abilities, Weirdness & Mutations

You cannot wear most types of armour.
You are very stealthy in the water. (Stealth+)
You are amphibious.
You can wear up to eight rings at the same time.
You can use your tentacles to constrict eight enemies at once.
Your skin changes colour to match your surroundings (Stealth+).
Your rubbery body absorbs attacks. (AC +1, EV +1)


Message History

Found an escape hatch in the floor.
You barely miss the giant cockroach. You grab the giant cockroach.
You constrict the giant cockroach. The giant cockroach bites you.
* * * LOW HITPOINT WARNING * * *
The jackal bites you.
* * * LOW HITPOINT WARNING * * *
The kobold misses you. The jackal barely misses you.
You are too injured to fight recklessly!
You are too injured to fight recklessly!
You hit the jackal but do no damage. Your grab misses the jackal.
You constrict the giant cockroach, but do no damage.
The giant cockroach barely misses you. The jackal bites you.
* * * LOW HITPOINT WARNING * * *
The jackal misses you.
You hit the kobold. Your grab misses the kobold.
The kobold is moderately wounded.
You constrict the giant cockroach. The giant cockroach bites you.
* * * LOW HITPOINT WARNING * * *
The jackal bites you.
You die...

..#.... #.#.#.###
# #....... >.
#.....# .#
##..#..#..
#.<.K... #
#...sh## .###
#K@h.# ... ##...#
... #
.####.>.###.#..#
...............#
#########.#######
#.......# #.#
#######.# #.#
#######.# ..#
#####.......#


You could see 2 jackals, a giant cockroach and 2 kobolds.

Vanquished Creatures
  A leopard gecko (D:1)
  2 bats (D:1)
  5 hobgoblins
  2 jackals (D:2)
  A kobold (D:2)
  A ball python (D:1)
  2 frilled lizards (D:1)
  A goblin (D:1)
  A rat (D:2)
16 creatures vanquished.

Notes
Turn   | Place    | Note
-------+----------+-------------------------------------------
     0 | D:1      | DinnerBoy7 the Octopode Monk began the quest for the Orb.
     0 | D:1      | Reached XP level 1. HP: 16/16 MP: 1/1
   387 | D:1      | Reached XP level 2. HP: 18/21 MP: 2/2
  1092 | D:2      | HP: 1/21 [giant cockroach (1)]
  1092 | D:2      | Slain by a jackal

Levels and vault maps discovered:
D:1:      nzn_arrival_settlement, layout_loops_corners
D:2:      layout_basic, lemuel_doored_altar

Skill      XL: |  1  2 |
---------------+-------+-----
Stealth        | 3 |  3.0
Fighting       | |  3.2
Polearms       | |  3.3
Dodging        | |  3.3

Action                   || total
-------------------------++-------
Melee: Spear             ||    33
       Constrict         ||     7
       Tentacles         ||     7
 Stab: Sleeping          ||     2
Armor: Skin              ||     2
Dodge: Dodged            ||    28

Table legend:
 A = Non-vault XP
 B = Vault XP
 C = Vault XP percentage of total XP
 D = Non-vault monster count
 E = Vault monster count
 F = Vault count percentage of total count
                 A         B        C        D         E       F
            +---------+---------+-------+---------+---------+-------
      Total |      28 |       0 |   0.0 |      16 |       0 |   0.0
            +---------+---------+-------+---------+---------+-------
        D:1 |      19 |       0 |   0.0 |      11 |       0 |   0.0
        D:2 |       9 |       0 |   0.0 |       5 |       0 |   0.0
            +---------+---------+-------+---------+---------+-------
